Map: Darkness Sanctuary LE

Players

betmyarse - Winner!

  • Race: Protoss Protoss
  • League: Diamond
  • Spawn Location: 5:00

Marzbar

  • Race: Zerg Zerg
  • League: Diamond
  • Spawn Location: 7:00

VOD

Have the link to the VOD?

Description

Time

  • Played on: June 12, 2018, 2:17 a.m.
  • Length: 11:08
Show
View Real Time Build Order
Export as new Build Order

betmyarse Protoss - Winner!

Build Orders:  

Get SALT Encoding   

  12  0:01  Probe  
  13  0:13  Probe  
  14  0:20  Pylon  
  14  0:25  Probe  
  15  0:34  Probe  
  15  0:41  Forge  
  15  0:42  Probe  
  17  0:54  Gateway  
  17  0:57  Probe  
  18  1:05  Probe  
  19  1:14  Photon Cannon  
  19  1:19  Probe  
  19  1:20  Pylon  
  21  1:32  Probe  
  21  1:52  Nexus  
  21  2:06  Probe  
  22  2:18  Probe  
  22  2:21  Cybernetics Core  
  23  2:24  Gateway  
  23  2:25  Gateway  
  23  2:43  Photon Cannon  
  23  2:46  Gateway  
  23  2:49  Assimilator  
  23  2:55  Assimilator  
  23  2:56  Probe  
  23  3:08  Probe, Warp Gate  
  24  3:17  Probe  
  25  3:20  Probe  
  26  3:29  Probe  
  26  3:32  Probe  
  28  3:38  Zealot  
  28  3:39  Zealot x2  
  34  3:41  Probe  
  34  3:44  Probe  
  34  3:46  Stalker  
  38  3:53  Probe  
  39  3:56  Probe  
  39  4:02  Pylon  
  40  4:06  Zealot x2  
  40  4:08  Sentry  
  46  4:17  Protoss Ground Weapons Level 1  
  46  4:19  Stalker  
  46  4:20  Pylon, Probe x2  
  50  4:33  Pylon  
  50  4:39  Assimilator  
  50  4:40  Assimilator  
  50  4:42  Pylon, Probe x2  
  52  4:57  Probe x2  
  54  5:13  Robotics Facility x2  
  54  5:18  Gateway  
  54  5:21  Gateway  
  54  5:32  Stalker x3  
  54  5:34  Zealot  
  62  5:38  Probe  
  62  5:39  Probe  
  64  5:50  Probe  
  64  5:51  Probe  
  58  6:06  Warp Prism  
  58  6:10  Observer  
  47  6:22  Zealot  
  47  6:23  Zealot x2  
  47  6:25  Sentry  
  55  6:30  Pylon  
  55  6:35  Pylon  
  55  6:36  Pylon  
  55  6:38  Gateway  
  55  6:40  Photon Cannon  
  55  6:46  Immortal x2  
  63  7:05  Zealot x3  
  63  7:06  Zealot x3  
  74  7:28  Zealot x5  
  74  7:29  Zealot  
  84  7:39  Warp Prism  
  84  7:40  Warp Prism  
  72  8:03  Stalker x5  
  72  8:04  Stalker  
  76  8:16  Observer x2  
  78  8:27  Stalker  
  78  8:28  Stalker x4  
  78  8:29  Stalker  
  86  8:53  Zealot x3  
  86  8:54  Zealot x3  
  78  9:28  Zealot x4  
  78  9:29  Zealot x2  
  71  9:51  Stalker x3  
  71  9:52  Stalker x3  
  76  10:15  Stalker x3  
  76  10:16  Stalker x3  
  84  11:00  Stalker x2  
  84  11:01  Stalker x4  
Show
View Real Time Build Order
Export as new Build Order

Marzbar Zerg 

Build Orders: Hatch First 

Get SALT Encoding   

  12  0:02  Drone  
  13  0:13  Overlord  
  13  0:16  Drone  
  14  0:31  Drone x2  
  14  0:35  Drone  
  17  0:54  Hatchery  
  17  0:56  Drone  
  17  0:59  Drone  
  17  1:03  Extractor  
  17  1:16  Spawning Pool  
  17  1:18  Drone  
  17  1:22  Drone  
  18  1:28  Drone  
  19  1:39  Overlord  
  19  1:50  Drone  
  20  2:02  Queen  
  20  2:04  Zergling x2  
  20  2:06  Queen  
  20  2:07  Zergling x2  
  26  2:12  Metabolic Boost  
  26  2:20  Drone  
  26  2:21  Drone  
  28  2:29  Drone  
  29  2:30  Drone  
  30  2:45  Hatchery  
  30  2:49  Drone  
  30  2:50  Drone  
  30  2:51  Drone x2  
  32  2:56  Overlord  
  33  3:08  Zergling x2  
  33  3:09  Drone  
  33  3:11  Drone  
  33  3:12  Overlord  
  36  3:16  Queen  
  36  3:17  Drone  
  37  3:21  Drone  
  37  3:22  Drone  
  37  3:23  Drone  
  40  3:27  Overlord  
  40  3:36  Spore Crawler  
  40  3:37  Spore Crawler  
  40  3:38  Drone  
  40  3:39  Drone x2  
  41  3:48  Drone x5  
  45  3:50  Drone  
  45  3:52  Drone  
  47  4:02  Queen  
  49  4:04  Extractor  
  49  4:06  Baneling Nest  
  47  4:12  Zergling x12  
  47  4:13  Zergling x2  
  54  4:21  Drone  
  54  4:22  Drone x4  
  59  4:31  Lair  
  59  4:49  Overlord  
  59  4:52  Overlord x2  
  59  4:53  Zergling x12  
  59  4:54  Overlord  
  59  4:55  Overlord  
  65  5:00  Evolution Chamber  
  65  5:03  Drone  
  65  5:04  Overlord  
  65  5:07  Baneling  
  65  5:08  Baneling x5  
  65  5:11  Zergling x12  
  70  5:23  Baneling  
  70  5:24  Zergling x2, Baneling  
  70  5:25  Zergling x16  
  79  5:36  Extractor  
  68  6:08  Zergling x2  
  68  6:09  Zergling x18  
  76  6:12  Drone x8  
  84  6:18  Hatchery  
  84  6:24  Zerg Melee Weapons Level 1  
  83  6:27  Extractor  
  83  6:30  Overseer x3  
  82  6:32  Hatchery  
  82  6:33  Drone x4  
  85  6:44  Hatchery  
  84  6:52  Drone x4  
  84  6:53  Overlord x3, Drone x4  
  84  6:54  Drone  
  93  7:02  Hydralisk Den  
  92  7:12  Baneling  
  92  7:13  Baneling x3  
  88  7:27  Spore Crawler  
  87  7:36  Hydralisk  
  78  7:37  Zergling x2  
  78  7:38  Hydralisk x3  
  81  7:51  Zergling x2  
  81  7:52  Zergling x20  
  90  8:00  Hatchery  
  86  8:11  Extractor  
  86  8:12  Hydralisk x5  
  86  8:13  Hydralisk  
  96  8:29  Drone x8  
  104  8:36  Grooved Spines  
  104  8:41  Baneling x5  
  104  8:42  Baneling  
  102  8:51  Hydralisk  
  102  8:52  Zergling x2  
  102  8:53  Zergling x16  
  98  8:57  Baneling  
  98  8:58  Baneling  
  98  9:02  Overlord x3  
  98  9:03  Overlord  
  83  9:27  Hydralisk  
  83  9:28  Hydralisk x5  
  83  9:29  Zergling x8  
  81  9:39  Zergling x2  
  81  9:40  Zergling x16  
  87  9:48  Muscular Augments  
  87  9:52  Spine Crawler  
  81  9:58  Spine Crawler, Zergling x2  
  81  9:59  Zergling x16  
  88  10:00  Queen x4  
  88  10:02  Zergling x2  
  85  10:08  Spine Crawler  
  63  10:39  Zergling x4  
  63  10:40  Zergling x24, Hydralisk  
  79  10:45  Zergling x4  
Tags
 
Add a new tag
Caveats
  • Supply blocks, unpowered buildings, or Contaminate may cause inaccurate times.
  • Supply counts are checked every 10 seconds.